 Dungeon Crawl Stone Soup version 0.32-a0-20-ge526923d97 (webtiles) character file.

Game seed: 8726731406531752150

1499 cforsyth the Fighter (level 8, -2/88 HPs)
             Began as an Oni Shapeshifter on Jan 18, 2024.
             Slain by a gnoll
             ... wielding a +0 spear
             ... led by a gnoll sergeant
              (7 damage)
             ... on level 7 of the Dungeon.
             The game lasted 00:05:36 (6448 turns).

cforsyth the Fighter (Oni Shapeshifter)             Turns: 6448, Time: 00:05:37

Health: -2/88      AC:  3    Str: 21    XL:     8   Next: 81%
Magic:  8/8        EV:  9    Int: 11    God:
Gold:   480        SH:  0    Dex:  8    Spells: 7/7 levels left

rFire   . .          .
                       - Unarmed
rCold   . . .        (no shield)
rNeg    . . .        a - +0 animal skin
rPois   .            (helmet currently unavailable)
rElec   .            (cloak currently unavailable)
rCorr   .            (gloves unavailable)
SInv    .            (boots unavailable)
Will    .....        (no amulet)
Stlth   +            (no ring)
HPRegen 0.34/turn    (no ring)
MPRegen 0.11/turn

%: no passive effects
@: beast-form
A: beast (slay +3), large, unfitting armour, horns 1, tough skin 1, double
potion healing, drunken brawling
a: Begin Untransformation


You were on level 7 of the Dungeon.
You were a hulking beast.
You visited 1 branch of the dungeon, and saw 7 of its levels.

You collected 480 gold pieces.

Inventory:

Missiles
 b - a throwing net (quivered)
Armour
 a - a +0 animal skin (worn)
Talismans
 c - a beast talisman
 d - a flux talisman
Wands
 e - a wand of flame (20)
 n - a wand of roots (9)
Scrolls
 g - 2 scrolls of blinking {unknown}
 h - 5 scrolls of identify {unknown}
 i - 2 scrolls of fog {unknown}
 m - 2 scrolls of poison {unknown}
 o - a scroll of amnesia {unknown}
 q - a scroll of immolation {unknown}
 r - a scroll of teleportation {unknown}
Potions
 f - 2 potions of resistance {unknown}
 j - 3 potions of magic {unknown}
 k - 2 potions of haste {unknown}
 p - 2 potions of might {unknown}
 s - a potion of attraction {unknown}


   Skills:
 + Level 8.2 Fighting
 - Level 1.7 Dodging
 + Level 6.2 Unarmed Combat
 + Level 6.3 Shapeshifting


You had 7 spell levels left.
You didn't know any spells.
Your spell library contained the following spells:

 Spells                   Type           Power      Damage    Failure   Level
 Freeze                   Ice            0%         1d3       34%         1
 Summon Small Mammal      Summ           0%         N/A       34%         1
 Call Canine Familiar     Summ           0%         N/A       71%         3
 Confusing Touch          Hex            0%         N/A       71%         3
 Frozen Ramparts          Ice            0%         1d1       71%         3
 Hailstorm                Conj/Ice       0%         3d5       71%         3
 Sigil of Binding         Hex            0%         N/A       71%         3
 Summon Blazeheart Golem  Fire/Summ      0%         N/A       98%         4


Dungeon Overview and Level Annotations

Branches:
Dungeon (7/15)             Temple (0/1) D:4

Altars:
Nemelex Xobeh
Sif Muna
Vehumet

Shops:
D:4 ?


Innate Abilities, Weirdness & Mutations

You are a hulking beast.
Your limbs bulge with bestial killing power. (Slay +3)
You are too large for most types of armour.
You have a pair of small horns on your head.
You have tough skin. (AC +1)
You gain doubled healing and magic from potions.
Whenever you drink a healing potion, you attack all around you.


Message History

The yak snorts and paws the ground.
The yak attacks as it pursues you! The yak gores you.
The yak attacks as it pursues you! The yak gores you.
The yak attacks as it pursues you! The yak gores you.
Things that are here:
a +1 vampiric glaive; +0 steam dragon scales
There is a stone staircase leading down here.
The yak gores you.
You climb downwards.
There is a stone staircase leading up here.
You hit the yak. Your punch misses the yak.
The yak is lightly wounded.
The gnoll shouts!
The yak barely misses you.
You closely miss the yak. You headbutt the yak.
The yak is lightly wounded.
The yak gores you!
You punch the yak!
The yak is heavily wounded.
The yak closely misses you.
You punch the yak!
The yak is severely wounded.
A gnoll sergeant comes into view. It is wielding a +3 trident of venom.
The yak gores you!
You punch the yak!
The yak is almost dead.
A gnoll comes into view. It is wielding a +0 spear.
You completely miss the yak.
The yak is almost dead.
The gnoll shouts!
The yak gores you!
* * * LOW HITPOINT WARNING * * *
The gnoll hits you from afar with a +0 spear!
* * * LOW HITPOINT WARNING * * *
You barely miss the yak.
The yak is almost dead.
The yak gores you!
* * * LOW HITPOINT WARNING * * *
The gnoll hits you from afar with a +0 spear!
You die...

.. ## .##
.. ...
######. ..
.g.g...#.#
#......#
#..gY..#
#..g.h.#
#......#
#........
##########


You could see a yak, a gnoll sergeant and 3 gnolls.

Vanquished Creatures
  Maggie (D:6)
  A yak (D:6)
  A wyvern (D:5)
  A kobold brigand (D:6)
  A phantom (D:5)
  A bullfrog (D:6)
  2 scorpions
  2 bombardier beetles
  A hound (D:4)
  A gnoll bouda (D:4)
  3 jellies
  An iguana (D:5)
  Jessica (D:3)
  4 orc wizards
  12 gnolls
  5 adders
  2 ufetubi (D:6)
  4 ribbon worms
  2 dart slugs
  9 orcs
  7 ball pythons
  6 bats
  3 endoplasms
  2 giant cockroaches
  3 goblins
  5 hobgoblins
  2 jackals (D:4)
  5 quokkas
  A frilled lizard (D:2)
  7 kobolds
  A rat (D:1)
97 creatures vanquished.

Vanquished Creatures (others)
  A lemure (D:7)
1 creature vanquished.

Grand Total: 98 creatures vanquished

Notes
Turn   | Place    | Note
-------+----------+-------------------------------------------
     0 | D:1      | cforsyth the Oni Shapeshifter began the quest for the Orb.
     0 | D:1      | Reached XP level 1. HP: 19/19 MP: 1/1
   141 | D:1      | Reached XP level 2. HP: 24/28 MP: 2/2
   142 | D:1      | Reached skill level 2 in Fighting
   686 | D:2      | HP: 1/28 [ball python (2)]
   854 | D:2      | Reached XP level 3. HP: 36/36 MP: 3/3
   977 | D:2      | Reached skill level 3 in Fighting
   977 | D:2      | Reached XP level 4. HP: 10/45 MP: 4/4
  2016 | D:3      | Noticed Jessica
  2019 | D:3      | Killed Jessica
  2048 | D:3      | Reached XP level 5. HP: 31/54 MP: 5/5
  2360 | D:3      | Reached skill level 4 in Fighting
  2472 | D:3      | HP: 2/54 [gnoll/+0 spear (4)]
  3082 | D:4      | Found Eroejick's Magic Scroll Emporium.
  3138 | D:4      | Reached XP level 6. HP: 54/63 MP: 6/6
  3635 | D:4      | Found a staircase to the Ecumenical Temple.
  3753 | D:4      | Reached skill level 5 in Fighting
  4329 | D:5      | Entered Level 5 of the Dungeon
  4505 | D:5      | Reached XP level 7. HP: 60/72 MP: 7/7
  4519 | D:5      | HP: 1/72 [burnt (5)]
  4524 | D:5      | HP: 2/72 [burnt (3)]
  4871 | D:5      | Reached skill level 5 in Shapeshifting
  5158 | D:5      | Reached skill level 6 in Fighting
  5308 | D:5      | Found a radiant altar of Vehumet.
  5308 | D:5      | Found a sparkling altar of Nemelex Xobeh.
  5308 | D:5      | Found a shimmering blue altar of Sif Muna.
  5346 | D:5      | Noticed a wyvern
  5361 | D:5      | Killed a wyvern
  5362 | D:5      | Reached skill level 5 in Unarmed Combat
  5594 | D:6      | Reached XP level 8. HP: 56/84 MP: 8/8
  5700 | D:6      | Got Inugijuh's Octavo of Interference and the Salamander
  5825 | D:6      | Reached skill level 7 in Fighting
  5923 | D:6      | Noticed Maggie
  5937 | D:6      | HP: 4/130 [Maggie/+1 vampiric glaive (12)]
  5941 | D:6      | Killed Maggie
  6415 | D:6      | Noticed a yak
  6419 | D:6      | Noticed a yak
  6423 | D:6      | Noticed a yak
  6426 | D:6      | Killed a yak
  6427 | D:6      | Reached skill level 8 in Fighting
  6448 | D:7      | Slain by a gnoll

Illustrated notes

Levels and vault maps discovered:
D:1:      evilmike_arrival_hilbert_curve, layout_basic, nicolae_titane
D:2:      layout_loops_ring, patterned_corridor
D:3:      layout_basic, uniq_jessica
D:4:      layout_loops_ring, minmay_temple_entry_crystal_x, serial_shops,
          nicolae_stop_n_shop_2
D:5:      layout_loops_cross, gammafunk_temple_overflow_claw,
          minmay_fountain_box
D:6:      cheibrodos_fertilizer, layout_loops_cross, uniq_maggie
D:7:      layout_rooms, lemuel_flamethrower_2, uniq_menkaure, uniq_pikel

Skill      XL: |  1  2  3  4  5  6  7  8 |
---------------+-------------------------+-----
Fighting       | 2 3 4 5 6 8 |  8.2
Unarmed Combat | 3 4 5 6 |  6.2
Shapeshifting  | 4 5 6 |  6.3
Dodging        | |  1.7

Action                     |  1- 3 |  4- 6 |  7- 9 || total
---------------------------+-------+-------+-------++-------
  Melee: Unarmed           |    63 |   137 |   109 ||   309
         Headbutt          |    11 |    23 |    21 ||    55
         Punch             |       |     3 |     4 ||     7
  Evoke: Wand              |       |     2 |       ||     2
    Use: Potion            |     1 |     1 |     5 ||     7
 Armour: Animal skin       |    41 |   109 |    80 ||   230
         Skin              |     1 |     3 |    19 ||    23
  Dodge: Dodged            |    27 |    67 |    28 ||   122

Table legend: (Time is in decaauts)
 A = Elapsed time spent in this place.
 B = Non-inter-level travel time spent in this place.
 C = Inter-level travel time spent in this place.
 D = Time resting spent in this place.
 E = Time spent auto-exploring this place.
 F = Levels seen in this place.
 G = Mean time per level.
                   A        B        C        D        E       F      G
               +--------+--------+--------+--------+--------+-----+--------+
         Total |   6429 |   6231 |    198 |   1047 |   4438 |   7 |  918.4 |
       Dungeon |   6429 |   6231 |    198 |   1047 |   4438 |   7 |  918.4 |
               +--------+--------+--------+--------+--------+-----+--------+

Top non-repeatable levels by time:
     D:2: 1599 daAuts
     D:5: 1249 daAuts
     D:3: 1095 daAuts
     D:4: 1025 daAuts
     D:6: 851 daAuts
     D:1: 602 daAuts
     D:7: 5 daAuts
